 Dungeon Crawl Stone Soup version 0.18-a0-1142-g19f2112 (webtiles) character file.

37 Wallaby3 the Ruffian (level 3, 0/35 HPs)
             Began as an Ogre Transmuter on Jan 21, 2016.
             Was an Initiate of Nemelex Xobeh.
             Succumbed to an adder's poison
             ... on level 3 of the Dungeon.
             The game lasted 00:09:39 (1928 turns).

Wallaby3 the Ruffian (Ogre Transmuter)              Turns: 1928, Time: 00:09:39

Health: 0/35       AC:  3    Str: 15    XL:     3   Next: 39%
Magic:  6/6        EV: 10    Int: 12    God:    Nemelex Xobeh [......]
Gold:   95         SH:  0    Dex: 11    Spells: 1 memorised, 6 levels left

rFire  . . .     SeeInvis .     j - +0 club
rCold  + . .     Gourm    +     b - +0 robe
rNeg   . . .     Faith    .     (no shield)
rPois  .         Spirit   .     (helmet restricted)
rElec  .         Dismiss  .     (no cloak)
rCorr  .         Reflect  .     (gloves unavailable)
SustAt .         Harm     .     (boots unavailable)
MR     .....                    n - amulet of the gourmand
Stlth  +.........               (no ring)
                                s - ring of protection from cold

@: lethally poisoned (0 -> -6), very slightly contaminated, not resistant to
hostile enchantments, very unstealthy
A: unfitting armour, tough skin 1
a: Renounce Religion


You were on level 3 of the Dungeon.
You worshipped Nemelex Xobeh.
Nemelex Xobeh was noncommittal.
You were not hungry.

You visited 1 branch of the dungeon, and saw 3 of its levels.

You collected 95 gold pieces.

Inventory:

Hand Weapons
 j - a +0 club (weapon)
Missiles
 a - 37 arrows
Armour
 b - a +0 robe (worn)
Jewellery
 n - an amulet of the gourmand (around neck)
 s - a ring of protection from cold (left hand)
Scrolls
 e - a scroll of magic mapping
 g - a scroll of identify
 h - 2 scrolls of remove curse
 k - a scroll of fear {unknown}
 l - a scroll of teleportation
 m - a scroll of enchant armour {unknown}
 r - a scroll of blinking {unknown}
 t - a scroll of immolation {unknown}
Potions
 f - a potion of flight {unknown}
 i - a potion of lignification {unknown}
 o - 2 potions of curing
Books
 c - a book of Changes

   Spells                             Type                      Level
   a - Beastly Appendage              Transmutation                1
   b - Sticks to Snakes               Transmutation                2
   c - Spider Form                    Transmutation/Poison         3
   d - Ice Form                       Ice/Transmutation            4
   e - Blade Hands                    Transmutation                5
Miscellaneous
 q - a plain deck of war {drawn: 1}
Comestibles
 d - 2 bread rations
 p - 2 meat rations


   Skills:
 + Level 2.1 Fighting
 + Level 1.1 Maces & Flails
 - Level 1.7 Dodging
 + Level 3.1 Unarmed Combat
 + Level 2.6 Spellcasting
 * Level 1.8 Transmutations


You had 6 spell levels left.
You knew the following spells:

 Your Spells              Type           Power        Failure   Level  Hunger
a - Beastly Appendage     Trmt           #.....       12%         1    #......


Dungeon Overview and Level Annotations

Branches:
Dungeon (3/15)

Altars:
Fedhas
Nemelex Xobeh

Annotations:
D:2 Natasha


Innate Abilities, Weirdness & Mutations

You are too large for most types of armour.
You have tough skin (AC +1).


Message History

* * * LOW HITPOINT WARNING * * *
You feel sick. The adder misses you. The adder bites you.
* * * LOW HITPOINT WARNING * * *
You miss the adder.
The adder is severely wounded.
* * * LOW HITPOINT WARNING * * *
You feel sick. The adder barely misses you.
You hit the adder.
The adder is almost dead.
* * * LOW HITPOINT WARNING * * *
You feel sick. The adder bites you.
* * * LOW HITPOINT WARNING * * *
The adder closely misses you.
You closely miss the adder.
The adder is almost dead.
The adder barely misses you.
You hit the adder but do no damage.
The adder is almost dead.
You die...
Your body disappears without a glow.

##...## ##.....##
###..$....###
.?..._..... #.......#
####.....# #..##S..#
#.## #@# ####### #.#
#.# ......## #.# #.#
####...####.####.#####
#.................#
####...####.########.#
.....######.#
####.[......#
##########


You could see an adder.

Vanquished Creatures
  A giant gecko (D:1)
  A ball python (D:1)
  2 giant cockroaches (D:1)
  2 hobgoblins (D:1)
  A quokka (D:2)
  12 bats
  2 giant newts
  3 goblins
  3 kobolds
  8 rats
35 creatures vanquished.

Vanquished Creatures (others)
  A goblin (D:1)
1 creature vanquished.

Grand Total: 36 creatures vanquished

Notes
Turn   | Place    | Note
--------------------------------------------------------------
     0 | D:1      | Wallaby3 the Ogre Transmuter began the quest for the Orb.
     0 | D:1      | Reached XP level 1. HP: 19/19 MP: 3/3
   181 | D:1      | Reached XP level 2. HP: 21/28 MP: 3/5
   233 | D:1      | Reached skill level 3 in Unarmed Combat
   788 | D:1      | Found a sparkling altar of Nemelex Xobeh.
   914 | D:1      | Became a worshipper of Nemelex Xobeh the Trickster
  1001 | D:2      | Reached XP level 3. HP: 30/35 MP: 6/6
  1045 | D:2      | Received a gift from Nemelex Xobeh
  1222 | D:2      | Noticed Natasha
  1409 | D:2      | Reached skill level 1 in Maces & Flails
  1908 | D:3      | Found a blossoming altar of Fedhas.
  1926 | D:3      | HP: 1/35 [adder (3)]
  1928 | D:3      | Succumbed to an adder's poison

Vault maps used:
D:1:      dpeg_arrival_signposts, hangedman_decor_riveting, nemelex_altar_shiori
D:2:      evilmike_ruin_ashenzari, uniq_jessica, uniq_natasha
D:3:      lemuel_round_altar, tgw_kikubaaqudgha

Action                   || total
-------------------------++-------
Melee: Unarmed           ||    40
       Club              ||   125
 Cast: Beastly Appendage ||     6
Evoke: Deck              ||     1
  Use: Scroll            ||     3
       Potion            ||     1
 Stab: Sleeping          ||     1
  Eat: Chunk             ||    10
